 Dungeon Crawl Stone Soup version 0.24-a0-584-g9d6b971ae4 (webtiles) character file.

Game seed: 14405591866098218441, levelgen mode: deterministic

29 Mithandil the Skirmisher (level 3, -1/29 HPs)
             Began as a Demonspawn Abyssal Knight on Sept 5, 2019.
             Was a Follower of Lugonu.
             Slain by Robin
             ... wielding a +0 spear
              (6 damage)
             ... on level 1 of the Dungeon.
             The game lasted 00:05:40 (1387 turns).

Mithandil the Skirmisher (DsAK)                     Turns: 1387, Time: 00:05:40

Health: -1/29      AC:  3    Str: 12 (13) XL:     3   Next: 1%
Magic:  5/5        EV: 11    Int: 12 (13) God:    Lugonu [*.....]
Gold:   23         SH:  0    Dex: 11 (12) Spells: 2/2 levels left

rFire    . . .     SeeInvis .   (no weapon)
rCold    . . .     Gourm    .   (no shield)
rNeg     . . .     Faith    .   c - +0 leather armour
rPois    .         Spirit   .   (no helmet)
rElec    .         Reflect  .   (no cloak)
rCorr    .         Harm     .   (no gloves)
MR       .....                  (no boots)
Stlth    +.........             (no amulet)
HPRegen  0.09/turn              (no ring)
MPRegen  0.09/turn              (no ring)

@: no status effects
A: claws 1
a: Depart the Abyss, Renounce Religion


You were on level 1 of the Dungeon.
You worshipped Lugonu.
Lugonu was aware of your devotion.
You were hungry.

You visited 1 branch of the dungeon, and saw 2 of its levels.
You visited the Abyss 1 time.

You collected 23 gold pieces.

Inventory:

Hand Weapons
 b - a +1 spear
Missiles
 e - 42 stones (quivered)
Armour
 c - a +0 leather armour (worn)
Scrolls
 d - a scroll of immolation
 g - 2 scrolls of identify
 h - a scroll of magic mapping {unknown}
 i - a scroll of remove curse {unknown}
 l - a scroll of teleportation {unknown}
Potions
 j - a potion of might
Comestibles
 a - a ration


   Skills:
 + Level 3.1 Fighting
 + Level 2.0 Polearms
 + Level 2.0 Armour
 + Level 1.3 Dodging
 + Level 0.6 Stealth
 + Level 0.5 Unarmed Combat
 + Level 2.8 Invocations


You had 2 spell levels left.
You didn't know any spells.
Your spell library was empty.

Dungeon Overview and Level Annotations

Branches:
Dungeon (2/15)

Altars:

Annotations:
D:1 Robin
D:2 Natasha


Innate Abilities, Weirdness & Mutations

You have sharp fingernails.


Message History

Robin is lightly wounded.
Robin barely misses you.
You scratch Robin.
Robin is moderately wounded.
Robin hits you with a +0 spear.
* * * LOW HITPOINT WARNING * * *
You scratch Robin.
Robin is moderately wounded.
Robin barely misses you.
You barely miss Robin.
Robin is moderately wounded.
Robin hits you with a +0 spear.
* * * LOW HITPOINT WARNING * * *
You barely miss Robin.
Robin is moderately wounded.
Robin hits you but does no damage.
You barely miss Robin.
Robin is moderately wounded.
Robin hits you with a +0 spear.
You die...

##.....###.###........
#................)....
##.##.####.###.###.######[
.............#.# #.#
#####.#..#...#.# #.#
#.#..#.#.#.# #.# .#
########.#..#.#.#.# #.# ..
............g>....# #.# .
#.########..@†....# #.# #
..#.........###...# #.# #
# ..#........... ...# #.#
##.#.....##########..##
#.# .##....... #.....# #..
#.# .....# ..# #.# ..# #.#
....# #.# #.# #.# #.#
....## #.# #.# #.###.#
###..###.# #.# #..##.#


You could see Robin.

Vanquished Creatures
  A giant cockroach (D:1)
  5 hobgoblins (D:1)
  2 jackals (D:1)
  6 bats (D:1)
  2 frilled lizards (D:1)
  6 goblins (D:1)
  A kobold (D:1)
  2 rats (D:1)
25 creatures vanquished.

Notes
Turn   | Place    | Note
-------+----------+-------------------------------------------
     0 | Abyss:1  | Mithandil the Demonspawn Abyssal Knight began the quest for
                  | the Orb.
     0 | Abyss:1  | Reached XP level 1. HP: 18/18 MP: 2/2
     0 | Abyss:1  | Found a corrupted altar of Lugonu.
    56 | Abyss:1  | Noticed a large abomination
    73 | D:1      | Escaped the Abyss
    84 | D:1      | Noticed a minotaur skeleton
   160 | D:1      | Reached skill level 1 in Dodging
   161 | D:1      | Reached * piety under Lugonu
   164 | D:1      | Gained mutation: You have sharp fingernails. [demonic
                  | ancestry]
   164 | D:1      | Reached XP level 2. HP: 15/24 MP: 3/3
  1039 | D:2      | Noticed Robin
  1039 | D:2      | Noticed Natasha
  1371 | D:1      | Reached XP level 3. HP: 19/29 MP: 5/5
  1387 | D:1      | Slain by Robin

Levels and vault maps discovered:
D:1:      shiori_arrival_whats_in_store_for_you, layout_basic, minmay_bisected
D:2:      layout_basic, uniq_robin, uniq_natasha, uniq_crazy_yiuf_cottage

Skill      XL: |  1  2 |
---------------+-------+-----
Dodging        | 1 |  1.3
Armour         | 2 |  2.0
Polearms       | 2 |  2.0
Fighting       | |  3.1
Stealth        | |  0.6
Unarmed Combat | |  0.5
Invocations    | |  2.8

Action                   || total
-------------------------++-------
Melee: Spear             ||    22
       Unarmed           ||    81
Invok: Depart the Abyss  ||     1
  Use: Potion            ||     4
       Scroll            ||     1
 Stab: Sleeping          ||     1
  Eat: Chunk             ||     1
Armor: Leather armour    ||    36
Dodge: Dodged            ||    51

Table legend:
 A = Non-vault XP
 B = Vault XP
 C = Vault XP percentage of total XP
 D = Non-vault monster count
 E = Vault monster count
 F = Vault count percentage of total count
                 A         B        C        D         E       F
            +---------+---------+-------+---------+---------+-------
      Total |      34 |       8 |  19.0 |      20 |       5 |  20.0
            +---------+---------+-------+---------+---------+-------
        D:1 |      34 |       8 |  19.0 |      20 |       5 |  20.0
            +---------+---------+-------+---------+---------+-------
